Map: Ulrena

Players

capac - Winner!

  • Race: Terran Terran
  • League: Gold

medWurst

  • Race: Zerg Zerg
  • League: Gold

VOD

Have the link to the VOD?

Description

Time

  • Played on: Feb. 21, 2016, 12:12 p.m.
  • Length: 11:48
Show
View Real Time Build Order
Export as new Build Order

capac Terran - Winner!

Build Orders: MMM Bio 

Get SALT Encoding   

  12  0:00  SCV  
  13  0:13  SCV  
  14  0:18  Supply Depot  
  14  0:25  SCV  
  15  0:40  SCV  
  15  0:42  Barracks  
  16  0:45  Refinery  
  16  0:52  SCV  
  17  1:04  SCV  
  18  1:16  SCV  
  19  1:35  Barracks Reactor  
  19  1:39  Command Center  
  19  1:43  SCV  
  20  1:51  Supply Depot  
  20  1:55  SCV  
  21  2:01  Refinery  
  21  2:07  SCV  
  22  2:14  Marine x2  
  24  2:19  SCV  
  25  2:28  Bunker  
  25  2:31  Orbital Command  
  25  2:34  Marine  
  26  2:41  Marine  
  27  2:57  Barracks  
  27  3:01  Marine  
  27  3:02  Marine  
  29  3:09  SCV  
  29  3:10  SCV  
  31  3:20  Marine  
  31  3:22  Factory  
  31  3:24  SCV  
  31  3:26  SCV  
  34  3:38  Orbital Command  
  34  3:40  Marine  
  35  3:43  Marine  
  35  3:48  Barracks Tech Lab  
  36  3:57  Supply Depot, SCV  
  36  4:01  Marine x2  
  39  4:10  Starport  
  39  4:13  Factory Reactor  
  39  4:16  SCV  
  40  4:18  SCV  
  40  4:22  Marine  
  42  4:24  Marine  
  42  4:26  Marine  
  42  4:29  Stimpack  
  44  4:31  SCV  
  44  4:33  SCV  
  46  4:42  Marine x2  
  46  4:43  Marine  
  46  4:45  SCV x2  
  51  4:50  Engineering Bay  
  51  4:57  SCV x2  
  53  5:04  Marine  
  54  5:08  Supply Depot  
  54  5:11  Marine  
  54  5:16  Refinery  
  54  5:17  Refinery  
  54  5:23  Marine, Medivac x2  
  54  5:25  Engineering Bay  
  59  5:28  Factory Tech Lab  
  59  5:29  Marine x2  
  61  5:41  Marine  
  62  5:43  Terran Infantry Weapons Level 1  
  62  5:47  Marine x2, SCV x2  
  62  5:49  Siege Tank  
  69  5:52  Liberator x2  
  69  5:57  Supply Depot  
  69  6:04  Terran Infantry Armor Level 1  
  69  6:06  Armory  
  71  6:58  Marine x2  
  71  6:59  Marine  
  74  7:11  SCV x2  
  74  7:13  Medivac x2  
  79  7:16  Marine x3  
  70  7:30  Siege Tank  
  70  7:34  Barracks, Marine x2  
  70  7:35  Barracks  
  70  7:37  Barracks, Command Center  
  72  7:40  SCV x2  
  74  7:45  Marine  
  74  7:49  Medivac x2  
  79  7:52  Marine x2  
  79  7:54  SCV x2  
  79  7:56  Combat Shields  
  83  8:05  Supply Depot x2  
  83  8:06  SCV  
  83  8:08  Supply Depot  
  83  8:10  Marine x2  
  86  8:26  Marine, Medivac x2  
  91  8:30  Supply Depot  
  91  8:31  Supply Depot  
  91  8:34  Barracks Reactor  
  91  8:35  Barracks Reactor x2  
  91  8:37  Marine x2  
  93  8:42  Supply Depot  
  93  8:44  Marine  
  93  8:46  Terran Infantry Weapons Level 2, Terran Infantry Armor Level 2  
  94  8:55  Marine x2  
  96  9:11  Marine x4  
  96  9:12  Marine  
  96  9:17  Marine x4  
  94  9:52  Liberator x2  
  93  10:05  Marine x3  
  93  10:06  Marine x3  
  99  10:07  Marine  
  99  10:08  Marine x2  
  108  10:25  Supply Depot x2  
  108  10:43  Marine x3  
  108  10:44  Marine x6  
  115  11:01  Marine x4  
  115  11:02  Marine x4  
  114  11:16  Marine  
  96  11:19  Marine x6  
  96  11:23  Marine x2  
Show
View Real Time Build Order
Export as new Build Order

medWurst Zerg 

Build Orders: Hatch First 

Get SALT Encoding   

  12  0:01  Drone  
  13  0:12  Overlord  
  13  0:17  Drone  
  14  0:30  Drone x2  
  14  0:35  Drone  
  17  0:54  Hatchery  
  16  0:57  Drone  
  16  1:00  Drone  
  18  1:08  Drone  
  19  1:17  Spawning Pool  
  18  1:19  Drone  
  18  1:23  Extractor  
  18  1:29  Overlord  
  18  1:39  Drone  
  19  2:06  Queen  
  19  2:07  Queen  
  23  2:12  Drone x3  
  23  2:13  Drone  
  27  2:27  Drone x2  
  27  2:29  Zergling x2  
  30  2:36  Drone  
  31  2:39  Metabolic Boost  
  31  2:42  Overlord  
  31  2:43  Queen  
  33  2:47  Queen  
  35  3:12  Drone  
  35  3:13  Drone x5  
  40  3:25  Hatchery  
  40  3:26  Drone x5  
  44  3:50  Overlord x2  
  44  3:52  Evolution Chamber x2  
  44  3:53  Extractor  
  44  3:54  Extractor, Lair  
  40  3:58  Drone x2  
  40  3:59  Drone x2  
  44  4:16  Drone x3  
  44  4:17  Drone x3  
  49  4:18  Spore Crawler  
  49  4:41  Zerg Melee Weapons Level 1  
  49  4:42  Zerg Ground Armor Level 1  
  49  4:49  Zergling x4  
  51  4:54  Drone x4  
  51  4:55  Drone x4  
  59  5:02  Hydralisk Den  
  59  5:05  Infestation Pit  
  57  5:07  Roach Warren  
  56  5:16  Extractor  
  55  5:25  Drone x4  
  55  5:26  Drone x3  
  62  5:31  Muscular Augments  
  62  5:33  Overlord x3  
  62  5:34  Overlord  
  62  5:36  Extractor  
  62  5:42  Hive  
  61  5:55  Drone x2  
  61  5:56  Drone x6  
  61  5:57  Drone x2  
  71  6:20  Hydralisk x5  
  81  6:27  Extractor  
  80  6:34  Hydralisk x4  
  80  6:36  Zergling x4  
  81  6:52  Hydralisk x5  
  81  6:53  Hydralisk x3  
  89  7:09  Overlord x3  
  86  7:24  Zerg Melee Weapons Level 2  
  86  7:42  Ultralisk Cavern  
  85  7:48  Drone x3  
  85  7:49  Queen  
  90  8:01  Hatchery  
  89  8:12  Zerg Ground Armor Level 2  
  89  8:30  Chitinous Plating  
  89  8:54  Ultralisk  
  89  8:55  Ultralisk  
  99  8:56  Zergling x10  
  99  8:57  Zergling x12  
  99  8:58  Zergling x8  
  99  9:02  Overlord x4  
  114  9:03  Overlord  
  113  9:25  Spine Crawler  
  113  9:28  Drone x5  
  113  9:30  Spine Crawler x2  
  108  9:32  Ultralisk  
  108  9:33  Ultralisk x2  
  121  9:50  Zergling x2  
  121  9:51  Zergling x12  
  121  9:52  Zergling x6  
  115  10:04  Ultralisk x3  
  115  10:05  Zergling x4  
  135  10:23  Zergling x4  
  135  10:24  Zergling x6  
  135  10:26  Drone x3  
  143  10:34  Overlord x3  
  143  10:51  Queen  
  107  11:24  Hydralisk Den  
  75  11:26  Spawning Pool  
Tags
 
Composition
MMM Bio
League
GoldGold
Matchup
TvZ
Add a new tag
Caveats
  • Supply blocks, unpowered buildings, or Contaminate may cause inaccurate times.
  • Supply counts are checked every 10 seconds.